 Dungeon Crawl Stone Soup version 0.24-a0-284-g9fb9971 (webtiles) character file.

Game seed: 11734519126358637366

180 Anon1729 the Ducker (level 5, -8/41 HPs)
             Began as a Vampire Monk on May 5, 2019.
             Mangled by a hornet zombie (9 damage)
             ... on level 3 of the Dungeon.
             The game lasted 00:03:17 (2407 turns).

Anon1729 the Ducker (Vampire Monk)                  Turns: 2407, Time: 00:03:18

Health: -8/41      AC:  3    Str:  9 (10) XL:     5   Next: 33%
Magic:  5/5        EV: 15    Int: 11 (13) God:
Gold:   130        SH:  0    Dex: 15 (17) Spells: 4/4 levels left

rFire    . . .     SeeInvis +   a - +0 falchion
rCold    . . .     Gourm    .   (no shield)
rNeg     + . .     Faith    .   b - +0 robe
rPois    .         Spirit   .   p - +0 helmet
rElec    .         Reflect  .   (no cloak)
rCorr    .         Harm     .   (no gloves)
MR       .....                  (no boots)
Stlth    +++.......             (no amulet)
HPRegen  0.13/turn              (no ring)
MPRegen  0.09/turn              (no ring)

@: no status effects
A: fangs 3, see invisible, unbreathing
a: Bat Form


You were on level 3 of the Dungeon.
You were not thirsty.

You visited 1 branch of the dungeon, and saw 3 of its levels.

You collected 130 gold pieces.

Inventory:

Hand Weapons
 a - a +0 falchion (weapon)
Armour
 b - a +0 robe (worn)
 k - a +1 ring mail of poison resistance
 p - a +0 helmet (worn)
Jewellery
 l - an uncursed ring of ice {unknown}
Scrolls
 c - a scroll of blinking {unknown}
 e - 3 scrolls of identify {unknown}
 i - a scroll of remove curse {unknown}
 j - 2 scrolls of immolation {unknown}
 m - a scroll of amnesia {unknown}
 n - a scroll of teleportation {unknown}
 r - a scroll of fog {unknown}
 s - a scroll of fear {unknown}
Potions
 d - a potion of degeneration
 f - a potion of ambrosia {unknown}
 g - 2 potions of curing {unknown}
 h - a potion of flight {unknown}
 o - a potion of mutation {unknown}
 q - 14 potions of blood


   Skills:
 + Level 3.2 Fighting
 * Level 4.2 Long Blades
 * Level 4.7 Dodging
 + Level 4.6 Stealth


You had 4 spell levels left.
You didn't know any spells.
Your spell library was empty.

Dungeon Overview and Level Annotations

Branches:
Dungeon (3/15)

Altars:
Gozag


Innate Abilities, Weirdness & Mutations

You have razor-sharp teeth.
You have supernaturally acute eyesight. (SInv)
You can survive without breathing.


Message History

You barely miss the hornet zombie. Your bite misses the hornet zombie.
The hornet zombie is lightly damaged.
The hornet zombie hits you.
You hit the hornet zombie. Your bite misses the hornet zombie.
The hornet zombie is moderately damaged.
The hornet zombie hits you!
* * * LOW HITPOINT WARNING * * *
The hornet zombie misses you.
You hit the hornet zombie but do no damage.
You bite the hornet zombie.
The hornet zombie is moderately damaged.
The hornet zombie closely misses you.
Okay, then.
You fail to use your ability.
The hornet zombie hits you!
* * * LOW HITPOINT WARNING * * *
It was a potion of degeneration.
There was something very wrong with that liquid.
You feel weakened.
You feel dopey.
You feel clumsy. The hornet zombie misses you. The hornet zombie hits you!
You die...

##........#
#...#...$..
##...# .....
#...## ....
##...# ...
#...## ..
##...# .
#..Z## ##..@#
#...## #...+
##.######
######
...####......#
#.##.#
........###..#
#.#รท##
#########
#..#####..##
#........##
#.###.####


You could see a hornet zombie.

Vanquished Creatures
  A bullfrog zombie (D:2)
  Terence (D:2)
  3 gnolls (D:3)
  3 adders (D:2)
  A worm (D:3)
  5 dart slugs
  2 leopard geckos
  An orc (D:3)
  5 bats
  3 giant cockroaches
  5 goblins
  4 hobgoblins
  6 jackals
  5 kobolds
  A quokka (D:3)
  4 frilled lizards
  5 rats
55 creatures vanquished.

Notes
Turn   | Place    | Note
-------+----------+-------------------------------------------
     0 | D:1      | Anon1729 the Vampire Monk began the quest for the Orb.
     0 | D:1      | Reached XP level 1. HP: 17/17 MP: 1/1
   164 | D:1      | Reached XP level 2. HP: 7/23 MP: 2/2
   800 | D:1      | Reached XP level 3. HP: 16/28 MP: 3/3
  1470 | D:2      | Found a faded altar of an unknown god.
  1481 | D:2      | Reached XP level 4. HP: 24/35 MP: 4/4
  1707 | D:2      | Noticed Terence
  1723 | D:2      | Killed Terence
  1812 | D:2      | Found an opulent altar of Gozag.
  1909 | D:2      | Reached XP level 5. HP: 34/41 MP: 5/5
  2406 | D:3      | HP: 1/41 [hornet zombie (8)]
  2407 | D:3      | Mangled by a hornet zombie

Levels and vault maps discovered:
D:1:      psy_arrival_conway, layout_loops_cross
D:2:      layout_loops_ring, chequers_ecumenical_altar_simple,
          grunt_gozag_statues, uniq_terence
D:3:      minmay_razor_zed, layout_loops_ring, zin_statuary, first_ration

Skill      XL: |  1  2  3  4 |
---------------+-------------+-----
Fighting       | 3 |  3.2
Dodging        | 4 |  4.7
Stealth        | 4 |  4.6
Long Blades    | 4 |  4.2

Action                   |  1- 3 |  4- 6 || total
-------------------------+-------+-------++-------
Melee: Falchion          |    84 |    87 ||   171
       Bite              |    14 |    13 ||    27
  Use: Potion            |       |     5 ||     5
 Stab: Sleeping          |     4 |     9 ||    13
Armor: Robe              |     7 |     9 ||    16
Dodge: Dodged            |    60 |    65 ||   125
       Rpst.: Falchion   |    19 |    18 ||    37

Table legend:
 A = Non-vault XP
 B = Vault XP
 C = Vault XP percentage of total XP
 D = Non-vault monster count
 E = Vault monster count
 F = Vault count percentage of total count
                 A         B        C        D         E       F
            +---------+---------+-------+---------+---------+-------
      Total |     222 |      36 |  14.0 |      54 |       1 |   1.8
            +---------+---------+-------+---------+---------+-------
        D:1 |      43 |       0 |   0.0 |      22 |       0 |   0.0
        D:2 |     124 |      36 |  22.5 |      24 |       1 |   4.0
        D:3 |      55 |       0 |   0.0 |       8 |       0 |   0.0
            +---------+---------+-------+---------+---------+-------
